 Dungeon Crawl Stone Soup version 0.30.1 (webtiles) character file.

Game seed: 5595806388216351966

3244 Fecro the Covert (level 9, -6/44 HPs)
             Began as a Spriggan Brigand on July 12, 2023.
             Was a Believer of Wu Jian.
             Killed by divine providence
             ... invoked by an orc priest
              (13 damage)
             ... on level 7 of the Dungeon.
             The game lasted 00:28:15 (5676 turns).

Fecro the Covert (Spriggan Brigand)                 Turns: 5676, Time: 00:28:15

Health: -6/44      AC: 11    Str:  8    XL:     9   Next: 67%
Magic:  10/10      EV: 16    Int: 12    God:    Wu Jian [**....]
Gold:   319        SH:  0    Dex: 23    Spells: 8/8 levels left

rFire   . . .        a - +2 dagger (speed)
rCold   . . .        (no shield)
rNeg    . . .        b - +0 swamp dragon scales
rPois   +            (helmet restricted)
rElec   .            c - +1 cloak
rCorr   .            (gloves unavailable)
SInv    +            (boots unavailable)
Will    +....        g - amulet of regeneration
Stlth   +++++        l - ring of Awoth {Fly rPois Str+3 Int-4 Slay+5}
HPRegen 1.07/turn    (no ring)
MPRegen 0.12/turn

%: no passive effects
@: flying, very quick
A: very small, no large weapons, unfitting armour, see invisible, speed 3,
iridescent scales 1, agile 1, clever 1
a: Renounce Religion, Wall Jump


You were on level 7 of the Dungeon.
You worshipped Wu Jian.
Wu Jian was pleased with you.
You visited 2 branches of the dungeon, and saw 9 of its levels.

You collected 527 gold pieces.
You spent 208 gold pieces at shops.

Inventory:

Hand Weapons
 a - a +2 dagger of speed (weapon)
 h - the +0 sling of Ignis's Generosity {drain, Dex+3}
   (You found it on level 2 of the Dungeon)

   Dex:       It affects your dexterity (+3).
 u - a +0 club
Missiles
 d - 15 poisoned darts (quivered)
 e - 7 curare-tipped darts
Armour
 b - +0 swamp dragon scales (worn)
 c - a +1 cloak (worn)
Jewellery
 g - an amulet of regeneration (around neck)
 l - the ring of Awoth (left hand) {Fly rPois Str+3 Int-4 Slay+5}
   (You acquired it on level 4 of the Dungeon)

   [ring of flight]

   Str:       It affects your strength (+3).
   Int:       It affects your intelligence (-4).
   Slay:      It affects your accuracy & damage with ranged weapons and melee
   (+5).
   rPois:     It protects you from poison.
   Fly:       It grants you flight.
 D - a +5 ring of evasion
Wands
 x - a wand of flame (9)
 y - a wand of digging (3)
 A - a wand of paralysis (12)
Scrolls
 i - a scroll of amnesia {unknown}
 k - 2 scrolls of enchant armour
 p - a scroll of noise {unknown}
 t - a scroll of fear
 v - a scroll of magic mapping
 w - a scroll of fog
 B - a scroll of butterflies
 C - a scroll of immolation {unknown}
Potions
 f - 2 potions of ambrosia
 j - 8 potions of curing
 m - 2 potions of heal wounds
 n - a potion of brilliance
 o - 4 potions of resistance
 q - 2 potions of cancellation
 r - 2 potions of attraction
 s - 2 potions of might
 z - a potion of flight {unknown}


   Skills:
 + Level 3.6 Fighting
 + Level 6.0 Short Blades
 + Level 6.0 Ranged Weapons
 * Level 5.7 Throwing
 + Level 1.0 Armour
 + Level 3.8 Dodging
 * Level 13.7 Stealth


You had 8 spell levels left.
You didn't know any spells.
Your spell library contained the following spells:

 Spells                   Type           Power      Damage    Failure   Level
 Summon Small Mammal      Summ           0%         N/A       71%         1
 Call Canine Familiar     Summ           0%         N/A       97%         3
 Summon Guardian Golem    Hex/Summ       0%         N/A       97%         3


Dungeon Overview and Level Annotations

Branches:
Dungeon (8/15)             Temple (1/1) D:4
   Lair: D:8-11

Altars:
Ashenzari
Cheibriados
Dithmenos
Fedhas
Gozag
Hepliaklqana
Kikubaaqudgha
Makhleb
Nemelex Xobeh
Okawaru
Qazlal
Ru
Sif Muna
Trog
Uskayaw
Wu Jian
Xom
Yredelemnul
Zin
The Shining One

Shops:
D:5 :   D:7 !


Innate Abilities, Weirdness & Mutations

You are very small and have problems with some larger weapons.
You are too small for most types of armour.
You have supernaturally acute eyesight. (SInv)
You cover ground extremely quickly. (Speed+++)
You are partially covered in iridescent scales. (AC +2)
You are agile. (Dex +4, Str/Int -1)
Your mind is acute. (Int +4, Str/Dex -1)


Message History

You hit the orc.
The orc is almost dead.
The orc barely misses you.
You hit the orc but do no damage.
The orc is almost dead.
You hit the orc.
You kill the orc!
The Council accepts your kill.
You hit the orc priest but do no damage.
The orc priest is lightly wounded.
You hit the orc priest.
The orc priest is moderately wounded.
The orc priest barely misses you.
You barely miss the orc priest.
The orc priest is moderately wounded.
You hit the orc priest.
The orc priest is severely wounded.
You hit the orc priest. Your punch misses the orc priest.
The orc priest is almost dead.
The orc priest mumbles some strange prayers to Beogh against you.
Beogh smites you!
You barely miss the orc priest.
The orc priest is almost dead.
You hit the orc priest but do no damage.
The orc priest is almost dead.
The orc priest hits you but does no damage.
You are electrocuted!
* * * LOW HITPOINT WARNING * * *
The orc priest begins to cast a cantrip, but forgets the words!
You fly upwards.
There is a stone staircase leading down here.
You spin and attack the orc priest.
You hit the orc priest but do no damage.
The orc priest is almost dead.
The orc priest invokes the aid of Beogh against you.
Beogh smites you!
* * * LOW HITPOINT WARNING * * *
The orc priest mumbles some strange prayers to Beogh against you.
Beogh smites you!
You die...

#### ########.#
...# #......#.#
...####......#.##
......#.........#
......#.........#
......#.........#
......#......#.##
..######...###.####
..# #...# #..@.#
..######...######.#
..##........# #.#
..##...>....# #.#
............#####o#
..........[.'..).>#
............#####.#
............# #.#
............# #.#


You could see an orc priest.

Vanquished Creatures
  Maggie (D:6)
  A hornet (D:8)
  3 steam dragons
  A water moccasin (D:8)
  An ice beast (D:5)
  An orc warrior (D:7)
  5 ogres
  A black bear (D:4)
  A centaur (D:6)
  A phantom (D:5)
  2 kobold brigands
  A scorpion (D:5)
  A bullfrog (D:6)
  A gnoll sergeant (D:5)
  6 killer bees
  2 howler monkeys (D:6)
  2 hounds (D:5)
  2 jellies
  Crazy Yiuf (D:4)
  An orc priest (D:3)
  4 iguanas
  2 sleepcaps (D:6)
  3 orc wizards (D:6)
  5 adders
  15 gnolls
  2 shadow imps
  6 white imps
  A dart slug (D:3)
  14 orcs
  4 ball pythons
  6 endoplasms
  3 giant cockroaches
  6 goblins
  5 hobgoblins
  2 jackals (D:4)
  10 kobolds
  4 quokkas
  4 bats
  3 frilled lizards
  2 rats (D:2)
136 creatures vanquished.

Notes
Turn   | Place    | Note
-------+----------+-------------------------------------------
     0 | D:1      | Fecro the Spriggan Brigand began the quest for the Orb.
     0 | D:1      | Reached XP level 1. HP: 10/10 MP: 2/2
   126 | D:1      | Reached skill level 6 in Stealth
   367 | D:1      | Reached XP level 2. HP: 14/14 MP: 3/3
   748 | D:2      | Reached skill level 7 in Stealth
   811 | D:2      | Reached XP level 3. HP: 18/18 MP: 4/4
   874 | D:2      | Identified the +0 sling of Ignis's Generosity {drain,
                  | Dex+3}
  1375 | D:2      | Reached XP level 4. HP: 22/22 MP: 5/5
  1418 | D:3      | Found a glowing golden altar of the Shining One.
  1516 | D:3      | Noticed a +0 falchion
  1516 | D:3      | Noticed a +0 spear
  1516 | D:3      | Noticed a +0 short sword
  1519 | D:3      | Noticed a +0 dagger
  1522 | D:3      | Noticed a +0 dagger
  1522 | D:3      | Noticed a +0 short sword
  1526 | D:3      | Noticed a +0 falchion
  1526 | D:3      | Noticed a +0 spear
  1529 | D:3      | Found a hide-covered altar of Uskayaw.
  1659 | D:3      | Found a sacrificial altar of Ru.
  1661 | D:3      | Reached skill level 1 in Ranged Weapons
  1700 | D:3      | Reached skill level 8 in Stealth
  1766 | D:4      | Identified a scroll of acquirement
  1768 | D:4      | Acquired the ring of Awoth {Fly rPois Str+3 Int-4 Slay+5}
  1809 | D:4      | Found an ornate altar of the Wu Jian Council.
  1832 | D:4      | Reached XP level 5. HP: 26/26 MP: 6/6
  2065 | D:4      | Became a worshipper of the Wu Jian Council
  2186 | D:4      | Noticed a black bear
  2197 | D:4      | Killed a black bear
  2198 | D:4      | Reached skill level 9 in Stealth
  2198 | D:4      | Reached XP level 6. HP: 30/30 MP: 7/7
  2246 | D:4      | Found a runed translucent door.
  2247 | D:4      | Noticed Crazy Yiuf
  2259 | D:4      | Killed Crazy Yiuf
  2409 | D:4      | Found a staircase to the Ecumenical Temple.
  2415 | Temple   | Entered the Ecumenical Temple
  2497 | D:5      | Entered Level 5 of the Dungeon
  2497 | D:5      | Noticed an ice beast
  2498 | D:5      | Killed an ice beast
  2514 | D:5      | Reached skill level 10 in Stealth
  2597 | D:5      | Reached XP level 7. HP: 34/35 MP: 8/8
  3009 | D:5      | Found Ekkemp's Tiny Tomes.
  3105 | D:5      | Reached * piety under Wu Jian
  3604 | D:6      | Found a broken altar of Ashenzari.
  3622 | D:6      | Reached skill level 11 in Stealth
  3622 | D:6      | Reached XP level 8. HP: 39/39 MP: 9/9
  3654 | D:6      | Noticed Maggie
  3843 | D:6      | Killed Maggie
  3844 | D:6      | Reached skill level 12 in Stealth
  3891 | D:6      | Reached skill level 5 in Ranged Weapons
  4019 | D:6      | Found a stormy altar of Qazlal.
  4659 | D:7      | Reached XP level 9. HP: 39/44 MP: 10/10
  4663 | D:7      | Reached skill level 5 in Throwing
  4731 | D:7      | Reached skill level 5 in Short Blades
  4732 | D:7      | Found Uqathri's Distillery.
  4743 | D:7      | Gained mutation: You have sharp fingernails. [potion of
                  | mutation]
  4743 | D:7      | Gained mutation: You occasionally lose the ability to drink
                  | potions when taking damage. [potion of mutation]
  4758 | D:7      | Bought a potion of mutation for 104 gold pieces
  4758 | D:7      | Lost mutation: You occasionally lose the ability to drink
                  | potions when taking damage. [potion of mutation]
  4758 | D:7      | Lost mutation: You have sharp fingernails. [potion of
                  | mutation]
  4758 | D:7      | Gained mutation: You are dopey. (Int -2) [potion of
                  | mutation]
  4763 | D:7      | Bought a potion of mutation for 104 gold pieces
  4763 | D:7      | Lost mutation: You are dopey. (Int -2) [potion of mutation]
  4763 | D:7      | Gained mutation: You are partially covered in iridescent
                  | scales. (AC +2) [potion of mutation]
  4763 | D:7      | Gained mutation: You are agile. (Dex +4, Str/Int -1)
                  | [potion of mutation]
  4763 | D:7      | Gained mutation: Your mind is acute. (Int +4, Str/Dex -1)
                  | [potion of mutation]
  4967 | D:7      | Found a sparkling altar of Nemelex Xobeh.
  5279 | D:8      | Reached ** piety under Wu Jian
  5280 | D:8      | Reached skill level 13 in Stealth
  5647 | D:7      | Reached skill level 1 in Armour
  5676 | D:7      | Killed from afar by an orc priest

Illustrated notes

Levels and vault maps discovered:
D:1:      nagdon_arrival_double_spiral, layout_loops_ring
D:2:      layout_rooms
D:3:      layout_rooms, mainiacjoe_overflow_surrounded_room, old_standard_altar,
          nicolae_uskayaw_en_pointe, amcnicky_mini_corridor_feature,
          minmay_statues_item, minmay_misc_feat_alley
D:4:      layout_rooms, nicolae_wu_jian_wuxing_cycle,
          minmay_temple_entry_enclosed_plants, uniq_crazy_yiuf_cottage
D:5:      layout_layer_cave, nicolae_shop_i_like_small_books_too
D:6:      layout_layer_cave, mainiacjoe_overflow_paths, kennysheep_mini,
          minmay_misc_feat_four_crosses, uniq_maggie
D:7:      layout_basic, nemelex_dance_club_becter, serial_shops,
          nicolae_shop_getting_attention
D:8:      layout_rooms
Temple:   cyrus_circular_temple

Skill      XL: |  1  2  3  4  5  6  7  8  9 |
---------------+----------------------------+-----
Stealth        | 6 7 8 9 10 11 12 13 | 13.7
Ranged Weapons | 1 2 3 5 6 |  6.0
Short Blades   | 3 4 6 |  6.0
Throwing       | 3 4 5 |  5.7
Dodging        | 2 3 |  3.8
Fighting       | 2 3 |  3.6
Armour         | 1 |  1.0

Action                     |  1- 3 |  4- 6 |  7- 9 || total
---------------------------+-------+-------+-------++-------
  Melee: Dagger            |    93 |    81 |   197 ||   371
         Punch             |     1 |     1 |     1 ||     3
   Fire: Sling             |    16 |    16 |    84 ||   116
  Throw: Dart              |       |     8 |     9 ||    17
Ability: Lunge             |       |     3 |    19 ||    22
         Whirlwind         |       |       |    21 ||    21
  Evoke: Wand              |       |       |     1 ||     1
    Use: Scroll            |     9 |     6 |     5 ||    20
         Potion            |       |       |     3 ||     3
   Stab: Sleeping          |    13 |    11 |    17 ||    41
 Armour: Robe              |    10 |     5 |     3 ||    18
         Swamp dragon scal |       |       |    20 ||    20
  Dodge: Dodged            |    50 |    38 |   107 ||   195
